 Dungeon Crawl Stone Soup version 0.18.1-48-g4cf74bf (webtiles) character file.

124 Zhenya125pyc the Covered (level 5, 0/33 HPs)
             Began as a Gargoyle Fighter on Aug 2, 2016.
             Slain by Sigmund
             ... wielding a +0 scythe
              (3 damage)
             ... on level 3 of the Dungeon.
             The game lasted 00:02:57 (1474 turns).

Zhenya125pyc the Covered (Gargoyle Fighter)         Turns: 1474, Time: 00:02:58

Health: 0/33       AC: 11    Str: 20    XL:     5   Next: 8%
Magic:  5/5        EV:  7    Int:  9    God:
Gold:   137        SH:  9    Dex:  9    Spells: 0 memorised, 4 levels left

rFire  . . .     SeeInvis .     a - +0 flail
rCold  . . .     Gourm    .     b - +0 scale mail
rNeg   + . .     Faith    .     c - +0 shield
rPois  ∞         Spirit   .     (no helmet)
rElec  +         Dismiss  .     (no cloak)
rCorr  .         Reflect  .     (no gloves)
SustAt .         Harm     .     (no boots)
MR     .....                    (no amulet)
Stlth  ..........               (no ring)
                                (no ring)

@: not resistant to hostile enchantments, extremely unstealthy
A: negative energy resistance 1, electricity resistance, unbreathing,
petrification resistance, rot immunity, AC +4
a: no special abilities


You were on level 3 of the Dungeon.
You were not hungry.

You visited 1 branch of the dungeon, and saw 3 of its levels.

You collected 137 gold pieces.

Inventory:

Hand Weapons
 a - a +0 flail (weapon)
Armour
 b - a +0 scale mail (worn)
 c - a +0 shield (worn)
Wands
 o - a wand of random effects (14/48)
 s - a wand of confusion (23/48)
Scrolls
 e - 3 scrolls of remove curse {unknown}
 i - 2 scrolls of magic mapping {unknown}
 k - a scroll of fog {unknown}
 p - a scroll of identify {unknown}
 q - a scroll of recharging {unknown}
 r - a scroll of amnesia {unknown}
Potions
 d - a potion of might
 g - a potion of lignification {unknown}
 j - a potion of agility {unknown}
 n - a potion of curing {unknown}
Comestibles
 f - 2 bread rations
 h - 2 meat rations
 l - a beef jerky
 m - 3 fruits


   Skills:
 + Level 4.1 Fighting
 * Level 3.7 Maces & Flails
 + Level 4.3 Armour
 - Level 3.2 Shields


You had 4 spell levels left.
You didn't know any spells.

Dungeon Overview and Level Annotations

Branches:
Dungeon (3/15)

Altars:

Annotations:
D:3 Sigmund


Innate Abilities, Weirdness & Mutations

You are resistant to torment.
Your stone body is resilient (AC +4).
You are immune to poison.
You resist negative energy.
You are resistant to electric shocks.
You can survive without breathing.
You are immune to petrification.
You are immune to rotting.


Message History

You are too injured to fight recklessly!
Unknown command.
You are too injured to fight recklessly!
Unknown command.
You are too injured to fight recklessly!
Unknown command.
You are too injured to fight recklessly!
Unknown command.
You are too injured to fight recklessly!
Unknown command.
You barely miss the orc priest.
The orc priest hits you but does no damage.
Something hits you but does no damage. You block the orc's attack.
The orc hits you.
* * * LOW HITPOINT WARNING * * *
Sigmund mumbles some strange words.
Sigmund flickers and vanishes!
The orc priest barely misses you.
You closely miss the orc priest. The orc hits you but does no damage. x2
Something hits you.
You die...

....(....#.#.....#.#
.
##.......#.#.....#.#
.
#.......#.#.....#.#
##.#..#'##...#####
#.....#†###..#
###...#.###..#
#.#.........##.#
........#.#.#
......o@{<#$#
......†oo.# .
.....##.{..... .....
#.###.%8. #### #.#
.8._. ... .8. ##. .8
.


You could see an orc priest and 2 orcs.

Vanquished Creatures
  Ijyb (D:2)
  4 adders
  4 worms
  2 dart slugs (D:1)
  3 giant geckos
  2 orcs (D:3)
  4 bats
  A giant cockroach (D:2)
  4 hobgoblins
  6 jackals (D:2)
  A quokka (D:3)
  A ball python (D:2)
  A giant newt (D:2)
  3 goblins
  4 kobolds
  3 rats
44 creatures vanquished.

Notes
Turn   | Place    | Note
--------------------------------------------------------------
     0 | D:1      | Zhenya125pyc the Gargoyle Fighter began the quest for the Orb.
     0 | D:1      | Reached XP level 1. HP: 14/14 MP: 1/1
   185 | D:1      | Reached XP level 2. HP: 17/19 MP: 2/2
   677 | D:2      | Noticed Ijyb
   699 | D:2      | Killed Ijyb
   699 | D:2      | Reached XP level 3. HP: 15/24 MP: 3/3
   878 | D:2      | Reached XP level 4. HP: 27/29 MP: 4/4
  1456 | D:3      | Found a faded altar to an unknown god.
  1458 | D:3      | Noticed Sigmund
  1461 | D:3      | Reached XP level 5. HP: 32/33 MP: 5/5
  1474 | D:3      | Slain by Sigmund

Skill      XL: |  1  2  3  4 |
---------------+-------------+-----
Maces & Flails | 3 |  3.7
Armour         | 4 |  4.3
Fighting       | 4 |  4.1
Shields        | |  3.2

Action                   |  1- 3 |  4- 6 || total
-------------------------+-------+-------++-------
Melee: Flail             |   121 |   124 ||   245
  Eat: Chunk             |       |     2 ||     2
Armor: Scale mail        |    77 |    86 ||   163
Dodge: Dodged            |    39 |    66 ||   105
Block: Shield            |    70 |    70 ||   140
